 Dungeon Crawl Stone Soup version 0.21-a0-633-g4c047d5 (webtiles) character file.

2664 mortelune the Conjurer (level 9, 0/75 HPs)
             Began as a White Draconian Fire Elementalist on Dec 28, 2017.
             Was a Follower of Vehumet.
             Slain by a hog (9 damage)
             ... on level 7 of the Dungeon.
             The game lasted 00:25:24 (8833 turns).

mortelune the Conjurer (DrFE)                       Turns: 8833, Time: 00:25:25

Health: 0/75       AC:  7    Str: 14    XL:     9   Next: 36%
Magic:  2/15       EV: 12    Int: 18    God:    Vehumet [*.....]
Gold:   441        SH:  8    Dex: 18    Spells: 4/16 levels left

rFire    . . .     SeeInvis .   h - +7 war axe of Tender Mercy {protect, rElec MR- Str+4 Dex+5}
rCold    + . .     Gourm    .   F - +2 buckler
rNeg     . . .     Faith    .   (armour unavailable)
rPois    .         Spirit   .   (helmet restricted)
rElec    +         Reflect  .   (no cloak)
rCorr    .         Harm     .   (no gloves)
MR       .....                  (no boots)
Stlth    ++........             (no amulet)
HPRegen  0.22/turn              (no ring)
MPRegen  0.14/turn              (no ring)

@: flying, very slightly contaminated
A: breathe frost, unfitting armour, big wings, horns 1, cold resistance 1,
cold-blooded, AC +7
a: Breathe Frost, Stop Flying, Renounce Religion


You were on level 7 of the Dungeon.
You worshipped Vehumet.
Vehumet was aware of your devotion.
You were not hungry.

You visited 2 branches of the dungeon, and saw 8 of its levels.

You collected 441 gold pieces.

Inventory:

Hand Weapons
 h - the +7 war axe of Tender Mercy (weapon) {protect, rElec MR- Str+4 Dex+5}
   (You found it on level 4 of the Dungeon)

   It protects the one who uses it against injury (+AC on strike).
   It affects your strength (+4).
   It affects your dexterity (+5).
   It insulates you from electricity.
   It affects your resistance to hostile enchantments.
 m - a +0 hand axe
 r - a +0 trident
Armour
 d - a +0 shield
 F - a +2 buckler (worn)
Jewellery
 k - an uncursed ring of poison resistance {unknown}
Wands
 l - a wand of flame (15)
 C - a wand of polymorph (15)
Scrolls
 f - 2 scrolls of immolation
 i - 3 scrolls of remove curse {unknown}
 n - a scroll of enchant weapon {unknown}
 o - a scroll of blinking {unknown}
 q - 4 scrolls of teleportation
 s - 3 scrolls of fog {unknown}
 w - 2 scrolls of identify {unknown}
 x - 2 scrolls of enchant armour {unknown}
 y - 2 scrolls of amnesia {unknown}
 D - a scroll of random uselessness {unknown}
Potions
 c - 2 potions of invisibility {unknown}
 e - 2 potions of mutation
 g - a potion of berserk rage {unknown}
 p - a potion of haste {unknown}
 t - 2 potions of degeneration {unknown}
 v - a potion of flight {unknown}
 z - a potion of agility
 B - a potion of ambrosia {unknown}
Books
 a - a book of Flames

   Spells                             Type                      Level
   a - Flame Tongue                   Conjuration/Fire             1
   b - Throw Flame                    Conjuration/Fire             2
   c - Conjure Flame                  Conjuration/Fire             3
   d - Inner Flame                    Hexes/Fire                   3
   e - Sticky Flame                   Conjuration/Fire             4
   f - Fireball                       Conjuration/Fire             5
 u - a book of Minor Magic

   Spells                             Type                      Level
   a - Magic Dart                     Conjuration                  1
   b - Blink                          Translocation                2
   c - Call Imp                       Summoning                    2
   d - Slow                           Hexes                        2
   e - Conjure Flame                  Conjuration/Fire             3
   f - Mephitic Cloud                 Conjuration/Poison/Air       3
 E - a Young Poisoner's Handbook

   Spells                             Type                      Level
   a - Sting                          Conjuration/Poison           1
   b - Poisonous Vapours              Poison/Air                   2
   c - Mephitic Cloud                 Conjuration/Poison/Air       3
   d - Olgreb's Toxic Radiance        Poison                       4
   e - Venom Bolt                     Conjuration/Poison           5
Comestibles
 b - 7 rations


   Skills:
 + Level 5.8 Fighting
 + Level 4.3 Axes
 - Level 1.7 Dodging
 - Level 1.7 Stealth
 * Level 5.5 Shields
 - Level 4.2 Spellcasting
 + Level 7.2 Conjurations
 - Level 3.7 Fire Magic


You had 4 spell levels left.
You knew the following spells:

 Your Spells              Type           Power        Failure   Level  Hunger
a - Flame Tongue          Conj/Fire      ###..        1%          1    None
b - Throw Flame           Conj/Fire      ###...       2%          2    ##.....
c - Conjure Flame         Conj/Fire      ###.....     4%          3    ###....
d - Sticky Flame          Conj/Fire      ###.....     16%         4    ####...
e - Blink                 Tloc           N/A          22%         2    ##.....


Dungeon Overview and Level Annotations

Branches:
Dungeon (7/15)             Temple (1/1) D:4

Altars:
Ashenzari
Cheibriados
Dithmenos
Fedhas
Hepliaklqana
Kikubaaqudgha
Makhleb
Okawaru
Qazlal
Sif Muna
Trog
Uskayaw
Vehumet
Xom
Yredelemnul
The Shining One


Innate Abilities, Weirdness & Mutations

You can breathe waves of freezing cold.
You can buffet flying creatures when you breathe cold.
Your icy white scales are hard. (AC +7)
You cannot fit into any form of body armour.
Your flesh is cold resistant. (rC+)
You are cold-blooded and may be slowed by cold attacks.
Your large and strong wings let you fly indefinitely.
You have a pair of small horns on your head.


Message History

The hog is heavily wounded.
You block the hog's attack.
Casting: Flame Tongue
Confirm with . or Enter, or press ? or * to list all spells.
Aiming: Flame Tongue
Press: ? - help, Shift-Dir - straight line, f/p - hog
Aim: a hog (heavily wounded)
The flame tongue hits the hog.
The hog appears unharmed.
The hog is heavily wounded.
The hog bites you!
* * * LOW HITPOINT WARNING * * *
Casting: Flame Tongue
Confirm with . or Enter, or press ? or * to list all spells.
Aiming: Flame Tongue
Press: ? - help, Shift-Dir - straight line, f/p - hog
Aim: a hog (heavily wounded)
The flame tongue hits the hog.
The hog is severely wounded.
The hog closely misses you. The hog bites you!
You die...

########
#######..h@..#
#......)####.#
.#.......#<)..#
.......).#######
#.....[).......
#####.#..####..
#####.#..#
#......###
#.##...#


You could see a hog.

Vanquished Creatures
  Joseph (D:7)
  A yak (D:7)
  A human (D:7)
  2 hogs (D:7)
  Edmund (D:5)
  An orc warrior (D:6)
  A phantom (D:4)
  2 ice beasts (D:6)
  3 ogres
  A centaur (D:6)
  2 bullfrogs (D:6)
  3 scorpions
  A water moccasin skeleton (D:6)
  3 killer bees (D:7)
  A wight (D:6)
  2 crimson imps
  A hound (D:6)
  A bullfrog zombie (D:6)
  A centaur skeleton (D:7)
  A bullfrog skeleton (D:6)
  5 worker ants
  2 hound skeletons (D:4)
  A howler monkey skeleton (D:4)
  5 adders
  A shadow imp (D:4)
  An ooze (D:6)
  An adder skeleton (D:4)
  5 worms
  11 orcs
  A giant cockroach (D:3)
  8 hobgoblins
  9 jackals
  7 kobolds
  2 quokkas
  2 ball pythons
  11 bats
  2 frilled lizards
  A giant cockroach zombie (D:6)
  2 goblins
  A quokka zombie (D:6)
  5 rats
113 creatures vanquished.

Notes
Turn   | Place    | Note
-------+----------+-------------------------------------------
     0 | D:1      | mortelune the Draconian Fire Elementalist began the quest for the Orb.
     0 | D:1      | Reached XP level 1. HP: 14/14 MP: 3/3
   815 | D:1      | Reached XP level 2. HP: 19/20 MP: 0/5
  1037 | D:1      | Learned a level 2 spell: Throw Flame
  1651 | D:1      | Reached skill level 2 in Conjurations
  2199 | D:2      | Reached XP level 3. HP: 26/26 MP: 1/6
  2204 | D:2      | Learned a level 3 spell: Conjure Flame
  2468 | D:2      | Gained mutation: You evolve. [potion of mutation]
  2468 | D:2      | Gained mutation: Your large and strong wings let you fly indefinitely. [potion of mutation]
  4478 | D:3      | Reached XP level 4. HP: 33/33 MP: 4/7
  4780 | D:4      | Reached skill level 3 in Conjurations
  4972 | D:4      | Noticed a phantom
  4997 | D:4      | Killed a phantom
  4997 | D:4      | Reached skill level 1 in Fighting
  4997 | D:4      | Reached XP level 5. HP: 34/40 MP: 2/9
  5205 | D:4      | Reached skill level 4 in Conjurations
  5205 | D:4      | Reached XP level 6. HP: 4/48 MP: 0/10
  5531 | D:4      | Gained mutation: You have a pair of small horns on your head. [evolution]
  5554 | D:4      | Learned a level 4 spell: Sticky Flame
  5680 | D:4      | Got an encrusted war axe
  5763 | D:4      | Found a staircase to the Ecumenical Temple.
  5792 | Temple   | Entered the Ecumenical Temple
  5793 | Temple   | Identified the +7 war axe of Tender Mercy {protect, rElec MR- Str+4 Dex+5} (You found it on level 4 of the Dungeon)
  5838 | Temple   | Became a worshipper of Vehumet
  6206 | D:5      | Entered Level 5 of the Dungeon
  6298 | D:5      | Noticed Edmund
  6316 | D:5      | Killed Edmund
  6316 | D:5      | Your scales start taking on an icy white colour.
  6316 | D:5      | Reached XP level 7. HP: 45/56 MP: 1/12
  6316 | D:5      | Gained mutation: Your flesh is cold resistant. (rC+) [White Draconian growth]
  6498 | D:5      | Reached skill level 5 in Conjurations
  7231 | D:6      | Reached skill level 1 in Axes
  7341 | D:6      | Reached skill level 1 in Shields
  7341 | D:6      | Reached skill level 6 in Conjurations
  7341 | D:6      | Reached XP level 8. HP: 60/66 MP: 14/14
  7416 | D:6      | Reached * piety under Vehumet
  7416 | D:6      | Offered knowledge of Sandblast by Vehumet.
  7982 | D:7      | Noticed Joseph
  8278 | D:7      | Killed Joseph
  8278 | D:7      | Reached skill level 5 in Fighting
  8278 | D:7      | Reached XP level 9. HP: 44/74 MP: 15/15
  8288 | D:7      | HP: 3/74 [killer bee (7)]
  8754 | D:7      | Learned a level 2 spell: Blink
  8770 | D:7      | Lost mutation: You evolve. [end of evolution]
  8776 | D:7      | Reached skill level 5 in Shields
  8776 | D:7      | Reached skill level 7 in Conjurations
  8794 | D:7      | HP: 3/75 [hog (9)]
  8833 | D:7      | Slain by a hog

Vault maps used:
D:1:      tarquinn_simple_flora_water_e, serial_glass, glass_columns_b,
          glass_columns_a, minmay_strange_pillars, due_unseen_surprise
D:2:      st_stairs_12, kennysheep_generic_room_2
D:3:      first_ration
D:4:      minmay_temple_entry_trees
D:5:      minmay_misc_feat_roman, uniq_edmund
D:6:      cheibrodos_fzero, minmay_small_thing
D:7:      serial_shops, nicolae_shop_overgrown_old_shop, grunt_livestock,
          uniq_joseph
Temple:   nicolae_temple_the_god_donut

Skill      XL: |  1  2  3  4  5  6  7  8  9 |
---------------+----------------------------+-----
Conjurations   | 2 3 4 6 7 |  7.2
Fighting       | 1 2 3 5 |  5.8
Spellcasting   | 3 4 |  4.2
Fire Magic     | 4 3 |  3.7
Axes           | 2 3 4 |  4.3
Shields        | 1 4 5 |  5.5
Dodging        | |  1.7
Stealth        | |  1.7

Action                   |  1- 3 |  4- 6 |  7- 9 || total
-------------------------+-------+-------+-------++-------
Melee: Unarmed           |    28 |       |     5 ||    33
       Tailslap          |     3 |     4 |    21 ||    28
       Hand axe          |    11 |       |       ||    11
       Trident           |       |    32 |       ||    32
       War axe           |       |     3 |   124 ||   127
       Headbutt          |       |     1 |    20 ||    21
 Cast: Flame Tongue      |    57 |    37 |    24 ||   118
       Throw Flame       |    19 |     4 |     3 ||    26
       Conjure Flame     |       |     6 |       ||     6
       Sticky Flame      |       |     2 |       ||     2
 Abil: Fly               |     1 |       |       ||     1
  Use: Potion            |     2 |     2 |     4 ||     8
       Scroll            |     1 |     1 |       ||     2
 Stab: Confused          |       |       |     1 ||     1
  Eat: Chunk             |    12 |     3 |     4 ||    19
       Ration            |       |     1 |     2 ||     3
Armor: Skin              |    16 |     7 |    50 ||    73
Dodge: Dodged            |    41 |    28 |    79 ||   148
Block: Shield            |       |       |    62 ||    62
       Buckler           |       |       |    18 ||    18

Table legend:
 A = Spawn XP
 B = Non-spawn XP
 C = Spawn XP percentage of total XP
 D = Spawn monster count
 E = Non-spawn monster count
 F = Spawn count percentage of total count
 G = Total turns spent on level
                    A         B        C        D         E        F      G
               +---------+---------+-------+---------+---------+-------+---------
         Total |       0 |    3806 |   0.0 |       0 |     113 |   0.0 |  8833
               +---------+---------+-------+---------+---------+-------+---------
           D:1 |       0 |      27 |   0.0 |       0 |      17 |   0.0 |  1799
           D:2 |       0 |      45 |   0.0 |       0 |      16 |   0.0 |  1764
           D:3 |       0 |      26 |   0.0 |       0 |      13 |   0.0 |  1183
           D:4 |       0 |     501 |   0.0 |       0 |      13 |   0.0 |  1387
           D:5 |       0 |     306 |   0.0 |       0 |       8 |   0.0 |   957
           D:6 |       0 |    1229 |   0.0 |       0 |      30 |   0.0 |  1016
           D:7 |       0 |    1672 |   0.0 |       0 |      16 |   0.0 |   654
               +---------+---------+-------+---------+---------+-------+---------
